 Dungeon Crawl Stone Soup version 0.30-a0-341-g682706514a (webtiles) character file.

Game seed: 369629651981910341

43 koil the Ruffian (level 3, -1/29 HPs)
             Began as a Draconian Transmuter on Nov 5, 2022.
             Succumbed to an adder's poison
             ... on level 2 of the Dungeon.
             The game lasted 00:02:13 (814 turns).

koil the Ruffian (Draconian Transmuter)              Turns: 814, Time: 00:02:14

Health: -1/29      AC:  5    Str: 12 (14) XL:     3   Next: 37%
Magic:  5/6        EV: 12    Int: 11 (13) God:
Gold:   52         SH:  0    Dex:  8 (11) Spells: 0/6 levels left

rFire   . . .      SeeInvis .      - Unarmed
rCold   . . .      Faith    .    (no shield)
rNeg    . . .      Spirit   .    (body armour unavailable)
rPois   .          Reflect  .    (helmet restricted)
rElec   .          Harm     .    (no cloak)
rCorr   .          Rampage  .    (no gloves)
Will    .....                    (no boots)
Stlth   +.........               (no amulet)
HPRegen 0.24/turn                (no ring)
MPRegen 0.10/turn                (no ring)

@: lethally poisoned (-1 -> -7)
A: AC +5, unfitting armour, cold-blooded
a: no special abilities


You were on level 2 of the Dungeon.
You visited 1 branch of the dungeon, and saw 2 of its levels.

You collected 52 gold pieces.

Inventory:

Jewellery
 k - a ring of protection from cold
Scrolls
 d - 2 scrolls of poison {unknown}
 f - 2 scrolls of identify {unknown}
 g - a scroll of magic mapping {unknown}
 h - 2 scrolls of teleportation {unknown}
 m - a scroll of fear {unknown}
Potions
 e - 2 potions of magic {unknown}
 i - 2 potions of resistance {unknown}
 j - a potion of mutation {unknown}
 l - a potion of might {unknown}


   Skills:
 + Level 1.7 Fighting
 + Level 2.1 Dodging
 + Level 3.3 Unarmed Combat
 + Level 2.3 Spellcasting
 + Level 2.3 Transmutations
 + Level 0.7 Poison Magic


You couldn't memorise any spells.
You knew the following spells:

 Your Spells              Type           Power      Damage    Failure   Level
a - Beastly Appendage     Tmut           12%        N/A       11%         1
b - Wereblood             Tmut           6%         N/A       16%         2
c - Spider Form           Tmut/Pois      4%         N/A       41%         3

Your spell library contained the following spells:

 Spells                   Type           Power      Damage    Failure   Level
 Ice Form                 Ice/Tmut       3%         N/A       86%         4


Dungeon Overview and Level Annotations

Branches:
Dungeon (2/15)

Altars:


Innate Abilities, Weirdness & Mutations

Your plain brown scales are hard. (AC +5)
You cannot fit into any form of body armour.
You are cold-blooded and may be slowed by cold attacks.


Message History

The adder bites you. The frilled lizard bites you.
You barely miss the frilled lizard. You tail-slap the frilled lizard.
You feel a bit better.
You kill the frilled lizard!
The adder closely misses you. The adder bites you.
You are poisoned.
The adder poisons you!
You closely miss the adder.
Your tail-slap misses the adder.
You feel sick. The adder bites you. x2
You are lethally poisoned!
The adder poisons you!
You barely miss the adder.
Your primal bloodlust has ended.
* * * LOW HITPOINT WARNING * * *
You feel very sick. The adder barely misses you.
The adder bites you but does no damage. The adder misses you.
You closely miss the adder.
You tail-slap the adder, but do no damage.
* * * LOW HITPOINT WARNING * * *
You feel sick. The adder barely misses you. The adder misses you.
The adder barely misses you.
Really quaff the potion of lignification?
You turn into a tree.
Your roots penetrate the ground.
You feel sick. The adder bites you.
* * * LOW HITPOINT WARNING * * *
The adder bites you but does no damage.
It was a potion of degeneration.
There was something very wrong with that liquid.
You feel weakened.
You feel dopey.
You feel clumsy.
* * * LOW HITPOINT WARNING * * *
You feel sick. The adder bites you.
* * * LOW HITPOINT WARNING * * *
You are more poisoned.
The adder poisons you! The adder bites you but does no damage.
It was a potion of cancellation.
Your magical effects are unravelling.
You feel magically purged.
You feel less wooden.
You die...

...._ ..## ##.... #.## #.. ...^##
#.#... ... #..^..#.#..# ##.## #.
#...##.#...# ... ....##..^..#...#
##.## #......##..l## #...#
#.###.....w#S### #...#
#..w†#.#.SgSS@.# #...#######
#.SS.#....S###.#####.........#
........##....S.#.............#.#
...#......#.##...................
.. #....##...#.##......†......#.#
. #....##..#..##.####.)...####.#
#....##........# #.###.....)#
..###.....#..### #.# #.###### #
.#.#.#.## #.###.#


You could see a worm, 4 adders, a goblin, a ball python and a frilled lizard.

Vanquished Creatures
  An adder (D:2)
  A dart slug (D:1)
  5 endoplasms
  5 giant cockroaches
  A goblin (D:2)
  5 hobgoblins
  3 ball pythons (D:1)
  3 frilled lizards
  3 kobolds
  A rat (D:1)
28 creatures vanquished.

Vanquished Creatures (others)
  2 fungi (D:2)
2 creatures vanquished.

Grand Total: 30 creatures vanquished

Notes
Turn   | Place    | Note
-------+----------+-------------------------------------------
     0 | D:1      | koil the Draconian Transmuter began the quest for the Orb.
     0 | D:1      | Reached XP level 1. HP: 16/16 MP: 3/3
   197 | D:1      | Reached XP level 2. HP: 20/23 MP: 5/5
   201 | D:1      | Learned a level 2 spell: Wereblood
   670 | D:2      | Reached XP level 3. HP: 28/28 MP: 2/6
   674 | D:2      | Learned a level 3 spell: Spider Form
   782 | D:2      | Found a faded altar of an unknown god.
   813 | D:2      | HP: 2/43 [adder (1)]
   814 | D:2      | Succumbed to an adder's poison

Illustrated notes

Levels and vault maps discovered:
D:1:      lemuel_arrival_hallway, layout_basic, interstate_on_off,
          chequers_serial_rivers_micro_c
D:2:      layout_loops_cross, shapermc_ecumenical_altar_rom_forum,
          minmay_crystal_water, minmay_nonomino_d4

Skill      XL: |  1  2 |
---------------+-------+-----
Dodging        | 2 |  2.1
Fighting       | |  1.7
Unarmed Combat | |  3.3
Spellcasting   | |  2.3
Transmutations | |  2.3
Poison Magic   | |  0.7

Action                   || total
-------------------------++-------
Melee: Unarmed           ||    90
       Tailslap          ||    15
       Punch             ||     2
       Kick              ||     5
       Headbutt          ||     1
 Cast: Beastly Appendage ||     3
       Wereblood         ||     3
  Use: Potion            ||     3
Armor: Skin              ||    31
Dodge: Dodged            ||    68

Table legend: (Time is in decaauts)
 A = Elapsed time spent in this place.
 B = Non-inter-level travel time spent in this place.
 C = Inter-level travel time spent in this place.
 D = Time resting spent in this place.
 E = Time spent auto-exploring this place.
 F = Levels seen in this place.
 G = Mean time per level.
                   A        B        C        D        E       F      G
               +--------+--------+--------+--------+--------+-----+--------+
         Total |    811 |    810 |      1 |      0 |    616 |   2 |  405.5 |
       Dungeon |    811 |    810 |      1 |      0 |    616 |   2 |  405.5 |
               +--------+--------+--------+--------+--------+-----+--------+

Top non-repeatable levels by time:
     D:1: 560 daAuts
     D:2: 250 daAuts
